 Dungeon Crawl Stone Soup version 0.28-a0-664-gc179e30c89 (webtiles) character file.

Game seed: 3621777365214609549

2108280 helsbecter the Conqueror (level 25, 231/231 HPs)
             Began as a Minotaur Berserker on Oct 16, 2021.
             Was the Champion of Trog.
             Escaped with the Orb
             ... and 3 runes!
             The game lasted 03:11:43 (43321 turns).

helsbecter the Conqueror (Minotaur Berserker)      Turns: 43321, Time: 03:11:44

Health: 231/231    AC: 41    Str: 38    XL:     25   Next: 2%
Magic:  26/28      EV: 18    Int:  6    God:    Trog [******]
Gold:   4244       SH:  0    Dex: 12    Spells: 24/24 levels left

rFire   + + +      SeeInvis +   x - +9 executioner's axe (vamp)
rCold   + . .      Faith    .   (shield currently unavailable)
rNeg    . . .      Spirit   .   K - +3 gold dragon scales
rPois   +          Reflect  .   J - +2 hat
rElec   +          Harm     .   M - +1 cloak "Deupt" {rF++}
rCorr   .          Rampage  +   V - +2 pair of gloves {Str+3}
Will    +....                   s - +2 pair of boots {rampage}
Stlth   ..........              G - amulet of regeneration
HPRegen 1.48/turn               d - ring "Secepaul" {rElec MP+9 SInv Stlth+}
MPRegen 0.21/turn               S - ring "Runnegon" {rPois AC+4 Str+7}

@: hasted, studying 2 skills, very quick
A: horns 2, retaliatory headbutt, deformed body, dopey 1, frail 1, low mp 1,
MP-powered wands
0: Orb of Zot
}: 3/15 runes: decaying, serpentine, abyssal
a: Renounce Religion, Berserk, Trog's Hand, Brothers in Arms


You escaped.
You worshipped Trog.
Trog was exalted by your worship.
You visited 9 branches of the dungeon, and saw 45 of its levels.
You visited the Abyss 2 times.
You visited 2 bazaars.
You also visited: Sewer, Ossuary, Gauntlet and Ice Cave.

You collected 7096 gold pieces.
You spent 2852 gold pieces at shops.

Inventory:

Hand Weapons
 q - a +6 executioner's axe of flaming
 t - the +5 battleaxe of the Swamp {vorpal, Fly rN+}
   (Trog gifted it to you on level 4 of the Lair of Beasts)

   It inflicts extra damage upon your enemies.
   rN:        It protects you from negative energy.
   Fly:       It grants you flight.
 x - a +9 vampiric executioner's axe (weapon)
 U - the +8 lance "Wyrmbane" {slay drac, rPois rF+ rC+ AC+3}
   (You found it on level 1 of the Snake Pit)

   It inflicts extra damage against dragons and draconians.
   AC:        It affects your AC (+3).
   rF:        It protects you from fire.
   rC:        It protects you from cold.
   rPois:     It protects you from poison.
Missiles
 r - 6 throwing nets (quivered)
Armour
 s - a +2 pair of boots of rampaging (worn)
 w - the +7 plate armour of the Sun {-Tele rPois rCorr Str-3}
   (You acquired it on level 6 of the Lair of Beasts)

   Str:       It affects your strength (-3).
   rPois:     It protects you from poison.
   -Tele:     It prevents most forms of teleportation.
   rCorr:     It protects you from acid and corrosion.
 J - a +2 hat (worn)
 K - +3 gold dragon scales (worn)
 M - the +1 cloak "Deupt" (worn) {rF++}
   (You found it on level 2 of the Vaults)

   rF:        It greatly protects you from fire.
 V - a +2 pair of gloves of strength (worn)
 Z - the +2 pair of gloves of the Purple Skies {Int+4}
   (You acquired it on level 1 of the Depths)

   Int:       It affects your intelligence (+4).
Jewellery
 d - the ring "Secepaul" (left hand) {rElec MP+9 SInv Stlth+}
   (You bought it in a shop on level 4 of the Depths)

   [ring of magical power]

   rElec:     It insulates you from electricity.
   MP:        It affects your magic capacity (+9).
   SInv:      It lets you see invisible.
   Stlth:     It makes you more stealthy.
 i - a +4 ring of evasion
 k - a +4 ring of protection
 A - a +6 ring of strength
 G - an amulet of regeneration (around neck)
 O - a ring of protection from fire
 Q - an amulet of reflection
 S - the ring "Runnegon" (right hand) {rPois AC+4 Str+7}
   (You bought it in a shop in a bazaar)

   [ring of protection]

   AC:        It affects your AC (+4).
   Str:       It affects your strength (+7).
   rPois:     It protects you from poison.
 X - the ring "Tiwec" {rPois Will- Str+6 Dex+5}
   (You took it off a spriggan on level 1 of the Swamp)

   [ring of strength]

   Str:       It affects your strength (+6).
   Dex:       It affects your dexterity (+5).
   rPois:     It protects you from poison.
   Will:      It decreases your willpower.
Wands
 f - a wand of charming (9)
 B - a wand of flame (162)
 C - a wand of polymorph (34)
 F - a wand of acid (14)
 I - a wand of iceblast (110)
 L - a wand of digging (5)
 N - a wand of mindburst (24)
 P - a wand of paralysis (20)
Scrolls
 a - 3 scrolls of identify
 c - 5 scrolls of blinking
 g - 25 scrolls of teleportation
 n - 3 scrolls of summoning
 o - 6 scrolls of fog
 p - 2 scrolls of magic mapping
 v - 6 scrolls of enchant weapon
 y - 9 scrolls of vulnerability
 E - a scroll of torment
 H - 2 scrolls of silence
 W - 3 scrolls of holy word
 Y - 4 scrolls of fear
Potions
 b - 12 potions of heal wounds
 e - 4 potions of invisibility
 h - 4 potions of mutation
 j - 20 potions of curing
 l - 5 potions of might
 m - 9 potions of lignification
 u - 8 potions of attraction
 z - 7 potions of resistance
 D - 4 potions of cancellation
 R - 2 potions of flight
 T - a potion of haste


   Skills:
 O Level 27 Fighting
 O Level 27 Axes
 O Level 27 Armour
 * Level 25.6 Dodging
 - Level 12.0 Stealth


You had 24 spell levels left.
You didn't know any spells.
Your spell library was empty.

Dungeon Overview and Level Annotations

Branches:
Dungeon (15/15)            Temple (0/1) D:4            Lair (6/6) D:10
  Swamp (4/4) Lair:3        Snake (4/4) Lair:2        Slime (0/5) Lair:5
    Orc (2/2) D:12            Elf (1/3) Orc:2        Vaults (4/5) D:13
  Crypt (0/3) Vaults:2     Depths (4/4) D:15            Zot (5/5) Depths:4
  Sewer (visited)         Ossuary (visited)           IceCv (visited)
Gauntlet (visited)

Altars:
Ashenzari
Dithmenos
Elyvilon
Okawaru
Qazlal
Yredelemnul
Zin
Beogh

Shops:
D:1 [   D:3 [=[   D:7 (   Orc:2 [([(   Snake:1 !*   Vaults:4 =   Depths:4 ==:

Portals:
Hell: Depths:1 Depths:2 Depths:3 Depths:4
Abyss: Lair:4 Depths:3
Pandemonium: Depths:3
Ziggurat: Depths:2

Annotations:
Snake:2 1 runed translucent door
Zot:5 1 runed translucent door, SirDiesAlot's ghost, veteran MiDe


Innate Abilities, Weirdness & Mutations

You have a pair of horns on your head.
You reflexively headbutt those who attack you in melee.
Armour fits poorly on your strangely shaped body.
You are dopey. (Int -2)
You are frail. (-10% HP)
Your magical capacity is low. (-10% MP)
You expend magic power (3 MP) to strengthen your wands.


Message History

The green death gestures at you. The poison arrow hits you.
You are more poisoned.
You partially resist.
You feel sick.
You feel sick.
You feel sick. The green death gestures at you. The poison arrow hits you!
You are more poisoned.
You partially resist.
You feel sick.
You see here a +0 club.
You feel very sick.
You feel sick.
You feel sick.
You feel sick.
You feel sick.
Aiming: Dig
Press: ? - help, Shift-Dir - straight line A rock wall.
This square is covered in magical glow.
You feel a surge of power!
The rock shatters into small pieces.
You feel sick.
You feel sick.
You feel sick.
You feel sick.
You feel sick.
You feel sick.
You feel sick.
You are no longer poisoned.
Aiming: Dig
Press: ? - help, Shift-Dir - straight line This square is covered in magical glow.
You feel a surge of power!
The rock shatters into small pieces.
A green death comes into view.
The green death gestures at you. The poison arrow misses you.
The green death gestures at you.
There is a staircase leading out of the dungeon here.
You have escaped!

#### ####.@#
###.○○○## #
######....○○☼#
#####........○○☼○#
.#............○°.#
.........#...○..##
.............2.##
.....#........##
...#####.....##


You could see a green death.

Vanquished Creatures
  3 dread liches (Zot:5)
  A pandemonium lord (D:6)
  An ancient lich (Zot:5)
  7 orbs of fire
  Boris (Depths:3)
  6 Killer Klowns
  Saint Roka (Orc:2)
  A curse toe (Zot:1)
  7 golden dragons
  A bone dragon (Depths:4)
  Nikola (Snake:2)
  A Tzitzimitl (Depths:3)
  3 electric golems
  5 hellephants
  Rupert (D:13)
  The ghost of Gerad the Fencer, a veteran VSAK of Lugonu (Elf:1)
  2 walking crystal tomes (Depths:4)
  13 tentacled monstrosities
  2 liches (Depths:2)
  The ghost of Zukhihyth the Peltast, an adept DDFi of Makhleb (Swamp:1)
  2 titans
  22 Orb Guardians
  3 quicksilver dragons
  6 death cobs
  The ghost of Olleb the Slicer, an adept GnWn of Okawaru (Elf:1)
  2 tentacled starspawn (Abyss:2)
  A walking divine tome (Depths:2)
  3 sphinxes
  5 shadow dragons
  10 storm dragons
  Donald (Snake:4)
  A thorn hunter (Swamp:3)
  4 tengu reavers
  Kirke (Swamp:4)
  4 draconian monks
  An eldritch tentacle (Vaults:1)
  7 frost giants
  3 nagarajas
  2 iron dragons
  An azure jelly (IceCv)
  4 draconian knights
  2 fenstrider witches (Swamp:4)
  4 ghost moths
  12 vault wardens
  4 orc warlords
  10 fire giants
  Louise (D:15)
  5 draconian scorchers
  The ghost of Jiziv the Fighter, a journeyman DjCj of Makhleb (D:13)
  6 ghouls
  12 ironbound preservers
  5 draconian annihilators
  3 spriggan defenders
  10 stone giants
  4 draconian stormcallers
  4 war gargoyles
  4 draconian shifters
  9 black draconians
  9 very ugly things
  The ghost of Luuqe the Impaler, a journeyman MfGl of Yredelemnul (Lair:4)
  3 green draconians (Zot:5)
  2 quicksilver oozes (IceCv)
  A minotaur (Gauntlet)
  A lorocyproca (Depths:3)
  6 vampire knights
  A deep elf annihilator (Depths:3)
  32 dire elephants
  7 purple draconians
  7 bunyips
  13 red draconians
  An entropy weaver (Vaults:4)
  Azrael (Orc:2)
  8 white draconians
  5 yellow draconians
  A green death (Abyss:3)
  7 ettins
  7 eleionomae
  A blizzard demon (Swamp:4)
  A deep elf death mage (Vaults:1)
  3 shambling mangroves
  7 yaktaur captains
  18 hydras
  6 vault guards
  6 fire dragons
  Erolcha (D:11)
  3 spectral fenstrider witches (Swamp:1)
  6 ironbound thunderhulks
  Josephine (D:11)
  5 rakshasas
  2 peacekeepers
  8 great orbs of eyes
  15 naga warriors
  6 boulder beetles
  4 ghost crabs
  10 ironbound frosthearts
  4 spriggan air magi
  Harold (Lair:1)
  A hell beast (Depths:4)
  6 ice dragons
  11 anacondas
  4 salamander tyrants
  3 catoblepae
  7 ogre magi
  Erica (D:9)
  10 centaur warriors
  9 two-headed ogres
  5 deep troll shamans
  11 alligators
  5 dancing weapons (Elf:1)
  8 deep troll earth magi
  Urug (Lair:4)
  4 tengu warriors
  3 vampire magi
  2 death scarabs (Gauntlet)
  8 hell hogs (Depths:1)
  A thrashing horror (Abyss:2)
  4 spriggan berserkers
  10 shock serpents
  5 soul eaters
  11 naga sharpshooters
  Nergalle (D:12)
  The ghost of AlleluiaPinecone the Covert, a journeyman VSBr of Hepliaklqana (Lair:1)
  6 salamander mystics
  A deep elf knight (Elf:1)
  A sun demon (Zot:3)
  2 fire crabs
  2 hell knights (Depths:2)
  39 deep trolls
  A wretched star (Abyss:3)
  8 shadow wraiths (Depths:3)
  2 iron trolls (Depths:2)
  4 skeletal warriors (D:14)
  9 goliath frogs
  2 spatial maelstroms (Abyss:3)
  3 shadow demons (Depths:3)
  7 spriggan druids
  2 deep elf archers
  6 naga ritualists
  4 flayed ghosts
  2 swamp dragons
  An orange crystal statue (Vaults:3)
  6 glowing orange brains
  4 bog bodies
  19 orc knights
  17 wizards
  8 lindwurms
  5 harpies
  6 necromancers
  14 ironbound convokers
  8 deep elf zephyrmancers
  9 mana vipers
  A fenstrider witch simulacrum (Swamp:1)
  3 wolf spiders
  A frost giant zombie (Vaults:2)
  22 salamanders
  3 deep elf pyromancers
  5 orc sorcerers
  2 oklob plants
  3 spectral spriggans (Swamp:1)
  3 will-o-the-wisps
  2 worldbinders (Vaults:1)
  39 ugly things
  17 moths of wrath
  4 cyclopes
  A spectral boulder beetle (Gauntlet)
  53 black mambas
  14 guardian serpents
  14 elephants
  18 vault sentinels
  4 ice statues
  4 smoke demons
  2 rust devils (Lair:4)
  23 naga magi
  An apocalypse crab (Abyss:3)
  2 molten gargoyles (Vaults:1)
  2 orange demons
  A human skeleton (Vaults:2)
  3 unseen horrors
  Maggie (Lair:1)
  20 cane toads
  An unseen horror (shapeshifter) (Lair:4)
  4 rime drakes
  45 yaktaurs
  5 kobold demonologists
  11 komodo dragons
  Psyche (D:11)
  4 tengu conjurers
  An efreet (Abyss:3)
  An elf skeleton (Vaults:2)
  2 ice devils (Depths:3)
  5 freezing wraiths
  4 entropy weaver simulacra (IceCv)
  A red devil (Depths:3)
  3 jumping spiders (Vaults:1)
  5 hellwings
  An ancient zyme (Abyss:2)
  9 trolls
  7 tyrant leeches
  22 hornets
  16 blink frogs
  A harpy skeleton (Abyss:2)
  11 polar bears
  8 raiju
  30 slime creatures
  15 dream sheep
  A meliai zombie (D:11)
  A slime creature (shapeshifter) (Depths:1)
  Sigmund (D:2)
  3 redbacks (Lair:6)
  A spriggan (shapeshifter) (Depths:2)
  9 wraiths
  2 ynoxinuls (Depths:3)
  17 spriggans
  An ettin skeleton (Vaults:2)
  14 wyverns
  2 water elementals
  46 yaks
  9 fire elementals
  16 humans (D:13)
  3 spriggan simulacra
  3 golden eyes (Abyss:3)
  5 large abominations
  2 hogs (Swamp:4)
  7 basilisks
  7 neqoxecs
  A spectral komodo dragon (Gauntlet)
  6 vampire mosquitoes
  3 chaos spawn
  A yaktaur simulacrum (Vaults:2)
  47 nagas
  6 wargs
  16 swamp worms
  An elf simulacrum (Vaults:1)
  An ogre zombie (Vaults:2)
  A spectral cane toad (Gauntlet)
  4 demonic crawler simulacra (IceCv)
  2 acid dragons
  2 death drake simulacra (Swamp:1)
  5 spatial vortices
  28 water moccasins
  17 hell hounds
  16 black bears
  30 orc warriors
  2 sky beasts
  A hornet zombie (D:9)
  2 swamp drakes
  A necrophage (D:7)
  4 ice beasts
  4 ugly thing simulacra (IceCv)
  A tengu (shapeshifter) (Lair:4)
  30 wolves
  10 boggarts
  10 ogres
  3 centaurs
  2 elf zombies
  3 kobold brigands
  16 bullfrogs
  3 earth elementals
  7 glowing shapeshifter simulacra
  A scorpion (D:5)
  2 gnoll sergeants
  A small abomination (Abyss:2)
  2 killer bees
  5 electric eels
  3 howler monkeys
  6 centaur zombies
  2 lava snakes (Vaults:1)
  6 starcursed masses (Abyss:2)
  4 human zombies
  2 quasits (Abyss:2)
  2 jellies
  A bullfrog zombie (D:6)
  2 gnoll shamans (D:8)
  3 hounds
  4 centaur skeletons
  16 orc priests
  4 iguanas
  A bullfrog skeleton (D:6)
  Natasha (thrice) (D:2)
  21 orc wizards
  2 mummies (Ossuary)
  2 howler monkey zombies (D:6)
  16 gnolls
  A howler monkey skeleton (D:5)
  4 adders
  A river rat (D:4)
  A shadow imp (D:5)
  3 white imps
  An ufetubus (Abyss:3)
  2 adder zombies (Ossuary)
  5 worms
  A dart slug (D:3)
  76 orcs
  7 ball pythons
  12 bats
  12 endoplasms
  4 giant cockroaches
  6 hobgoblins
  8 jackals
  A quokka (D:2)
  A frilled lizard (Sewer)
  4 goblins
  A goblin zombie (Ossuary)
  7 hobgoblin zombies (Ossuary)
  2 jackal zombies (Ossuary)
  14 kobolds
  16 kobold zombies (Ossuary)
  4 orc zombies (Ossuary)
  5 rats
  A butterfly (Lair:2)
  2 starspawn tentacles (Abyss:2)
2020 creatures vanquished.

Vanquished Creatures (collateral kills)
  A Killer Klown (Zot:5)
  The ghost of Marixus the Executioner, an adept HOFi of Beogh (Vaults:2)
  A fenstrider witch (Swamp:4)
  Aizul (Snake:3)
  A draconian shifter (Abyss:3)
  A reaper (Swamp:4)
  Snorg (D:11)
  A rakshasa (Vaults:2)
  A vault guard (Vaults:4)
  A deep troll earth mage (Depths:2)
  A naga sharpshooter (Snake:3)
  2 orc high priests (Orc:2)
  A deep elf knight (Elf:1)
  A deep troll (Depths:2)
  A deep elf archer (Elf:1)
  An ironbound convoker (Vaults:2)
  A necromancer (Depths:2)
  A salamander (Snake:3)
  2 vault sentinels
  An efreet (Abyss:3)
  A freezing wraith (Abyss:3)
  2 blink frogs (Lair:4)
  2 dream sheep (Lair:4)
  A slime creature (Vaults:4)
  A yak (Lair:4)
  A tarantella (Vaults:4)
  3 golden eyes (Abyss:3)
  A chaos spawn (Swamp:4)
  A spatial vortex (Abyss:3)
  An acid dragon (D:11)
  2 orc warriors (Orc:2)
  An orc priest (Orc:2)
  An orc wizard (Orc:2)
  4 orcs (Orc:2)
44 creatures vanquished.

Vanquished Creatures (others)
  A lindwurm (Vaults:1)
  A wizard (Swamp:4)
  A human zombie (Vaults:1)
  A bloated husk (Swamp:1)
  A tyrant leech (Swamp:3)
  A hornet (Swamp:1)
  A spriggan (Swamp:3)
  A human (Swamp:4)
  A naga (Snake:3)
  An orc warrior (Orc:2)
  A boggart (Vaults:1)
  A bush (Lair:6)
  2 foxfires (Swamp:3)
  55 fungi
  95 plants
  9 starspawn tentacles (Abyss:2)
  A withered plant (Elf:1)
174 creatures vanquished.

Grand Total: 2238 creatures vanquished

Notes
Turn   | Place    | Note
-------+----------+-------------------------------------------
     0 | D:1      | helsbecter the Minotaur Berserker began the quest for the
                  | Orb.
     0 | D:1      | Reached XP level 1. HP: 19/19 MP: 0/0
    57 | D:1      | Found a faded altar of an unknown god.
   192 | D:1      | Reached XP level 2. HP: 22/26 MP: 1/1
   584 | D:1      | Found Gikem's Antique Armour Emporium.
   902 | D:2      | Found a stormy altar of Qazlal.
  1027 | D:2      | Reached skill level 5 in Axes
  1101 | D:2      | Reached XP level 3. HP: 31/31 MP: 2/2
  1109 | D:2      | Noticed Sigmund
  1115 | D:2      | Reached ** piety under Trog
  1120 | D:2      | Killed Sigmund
  1121 | D:2      | Reached XP level 4. HP: 39/39 MP: 3/3
  1121 | D:2      | Reached XP level 5. HP: 45/45 MP: 4/4
  1254 | D:2      | Noticed Natasha
  1265 | D:2      | Killed Natasha
  1316 | D:2      | Noticed Natasha
  1325 | D:2      | Killed Natasha
  1393 | D:2      | Noticed Natasha
  1404 | D:2      | Killed Natasha
  1405 | D:2      | Reached XP level 6. HP: 47/51 MP: 5/5
  1667 | D:3      | Found Gaquraog's Antique Armour Emporium.
  1687 | D:3      | Found a white marble altar of Elyvilon.
  1720 | D:3      | Noticed a sky beast
  1726 | D:3      | Killed a sky beast
  1807 | D:3      | Found Miefargh's Antique Armour Shoppe.
  2117 | D:3      | Found Ilutryin's Jewellery Emporium.
  2561 | D:4      | Noticed an ice beast
  2570 | D:4      | Killed an ice beast
  2571 | D:4      | Reached XP level 7. HP: 57/57 MP: 6/6
  2661 | D:4      | Found a staircase to the Ecumenical Temple.
  2688 | D:4      | Found a basalt altar of Yredelemnul.
  2725 | D:4      | Reached skill level 10 in Axes
  2736 | D:4      | Found a glowing drain.
  2750 | Sewer    | Entered a sewer
  3004 | Sewer    | Reached *** piety under Trog
  3573 | D:3      | Bought a pair of embroidered boots for 180 gold pieces
  3945 | D:5      | Entered Level 5 of the Dungeon
  4420 | D:5      | Found a transporter.
  4423 | D:5      | Found an iron altar of Okawaru.
  4424 | D:5      | Noticed a wyvern
  4424 | D:5      | Noticed a kobold demonologist
  4425 | D:5      | Found a broken altar of Ashenzari.
  4425 | D:5      | Noticed a wraith
  4442 | D:5      | Found a transporter.
  4525 | D:5      | Reached XP level 8. HP: 56/64 MP: 7/7
  4805 | D:5      | Noticed a hornet
  4812 | D:5      | Killed a hornet
  5015 | D:5      | Reached skill level 5 in Armour
  5024 | D:5      | Noticed a hellwing
  5025 | D:5      | Noticed a soul eater
  5026 | D:5      | Killed a kobold demonologist
  5039 | D:5      | Reached XP level 9. HP: 45/70 MP: 8/8
  5324 | D:6      | Found a sand-covered staircase.
  5337 | Ossuary  | Entered an ossuary
  5349 | Ossuary  | Reached **** piety under Trog
  5926 | D:7      | Found Vomaxyprao's Weapon Boutique.
  6022 | D:7      | Reached ***** piety under Trog
  7231 | D:8      | Reached skill level 15 in Axes
  7234 | D:8      | Reached XP level 10. HP: 64/80 MP: 9/9
  7237 | D:8      | Reached skill level 5 in Fighting
  7812 | D:9      | Noticed Erica
  7833 | D:9      | Killed Erica
  8650 | D:3      | Bought a runed hat for 168 gold pieces
  8800 | D:10     | Entered Level 10 of the Dungeon
  8858 | D:10     | Found a staircase to the Lair.
  8978 | D:10     | Reached XP level 11. HP: 89/92 MP: 10/10
  9227 | D:10     | Reached skill level 10 in Armour
  9376 | Lair:1   | Entered Level 1 of the Lair of Beasts
  9376 | Lair:1   | Noticed Harold
  9383 | Lair:1   | Killed Harold
  9419 | Lair:1   | Noticed an oklob plant
  9425 | Lair:1   | Found a transporter.
  9426 | Lair:1   | Noticed an eight-headed hydra
  9430 | Lair:1   | Noticed AlleluiaPinecone's ghost (journeyman VSBr)
  9653 | Lair:1   | Found a transporter.
 10053 | Lair:1   | Received a gift from Trog
 10167 | Lair:1   | Noticed Maggie
 10174 | Lair:1   | Killed Maggie
 10695 | Lair:2   | Found a staircase to the Snake Pit.
 10762 | Lair:2   | Reached ****** piety under Trog
 10961 | Lair:2   | Reached XP level 12. HP: 90/105 MP: 11/11
 11127 | Lair:2   | Noticed a five-headed hydra
 11137 | Lair:2   | Killed a one-headed hydra
 11138 | Lair:2   | Reached skill level 10 in Fighting
 11483 | Lair:3   | Found a staircase to the Swamp.
 11571 | Lair:3   | Noticed a seven-headed hydra
 11579 | Lair:3   | Killed a five-headed hydra
 12109 | Lair:4   | Identified the +5 battleaxe of the Swamp {vorpal, Fly rN+}
                  | (Trog gifted it to you on level 4 of the Lair of Beasts)
 12109 | Lair:4   | Received a gift from Trog
 12195 | Lair:4   | Found a transporter.
 12216 | Lair:4   | Noticed Luuqe's ghost (journeyman MfGl)
 12280 | Lair:4   | Found a transporter.
 12292 | Lair:4   | Found a one-way gate to the infinite horrors of the Abyss.
 12325 | Lair:4   | Noticed Urug
 12333 | Lair:4   | Killed Urug
 12333 | Lair:4   | Noticed a four-headed hydra
 12339 | Lair:4   | Killed a seven-headed hydra
 12626 | Lair:5   | Reached XP level 13. HP: 116/116 MP: 12/12
 12905 | Lair:5   | Found a staircase to the Slime Pits.
 13268 | Lair:6   | Entered Level 6 of the Lair of Beasts
 13344 | Lair:6   | Received a gift from Trog
 13534 | Lair:6   | Identified a scroll of acquirement
 13536 | Lair:6   | Acquired the +7 plate armour of the Sun {-Tele rPois rCorr
                  | Str-3}
 13837 | Lair:6   | Reached XP level 14. HP: 129/129 MP: 13/13
 14020 | Lair:6   | Received a gift from Trog
 14203 | Lair:6   | Reached skill level 5 in Dodging
 14447 | Lair:6   | Acquired a +3 vampiric executioner's axe
 14786 | Lair:4   | Killed Luuqe's ghost
 14923 | Lair:1   | Killed AlleluiaPinecone's ghost
 15055 | D:11     | Reached skill level 15 in Armour
 15093 | D:11     | Noticed Josephine
 15102 | D:11     | Killed Josephine
 15103 | D:11     | Reached skill level 15 in Fighting
 15129 | D:11     | Noticed Snorg
 15140 | D:11     | Killed Snorg
 15274 | D:11     | Found a frozen archway.
 15288 | IceCv    | Entered an ice cave
 15325 | IceCv    | Identified the +11 battleaxe of Ryovaikh {flame, Contam
                  | rC+++ Will- Stlth+} (Trog gifted it to you in an ice cave)
 15325 | IceCv    | Received a gift from Trog
 15414 | IceCv    | Noticed a quicksilver ooze
 15424 | IceCv    | Killed a quicksilver ooze
 15559 | IceCv    | Noticed a quicksilver ooze
 15567 | IceCv    | Killed a quicksilver ooze
 15587 | IceCv    | Found a viscous altar of Jiyva.
 15587 | IceCv    | Noticed an azure jelly
 15600 | IceCv    | Killed an azure jelly
 15601 | IceCv    | Reached XP level 15. HP: 141/141 MP: 14/14
 15672 | IceCv    | Identified the +2 leather armour "Domoaklu" {Regen+ Str-5
                  | Int+9 SInv}
 15974 | D:11     | Noticed Psyche
 15980 | D:11     | Killed Psyche
 16218 | D:11     | Noticed Erolcha
 16230 | D:11     | Killed Erolcha
 16574 | D:12     | Noticed Nergalle
 16583 | D:12     | Killed Nergalle
 16826 | D:12     | Received a gift from Trog
 16845 | D:12     | Found a staircase to the Orcish Mines.
 17553 | D:13     | Found a runed translucent gate.
 17571 | D:13     | Found a runed translucent gate.
 17571 | D:13     | Found a runed translucent gate.
 17613 | D:13     | Identified the +0 robe "Xihebb" {Contam Rampage Str+3
                  | Stlth+}
 17688 | D:13     | Found a gate to the Vaults.
 17690 | D:13     | Noticed Rupert
 17725 | D:13     | Killed Rupert
 18008 | D:13     | Found an iron altar of Okawaru.
 18008 | D:13     | Noticed Jiziv's ghost (journeyman DjCj)
 18037 | D:13     | Killed Jiziv's ghost
 18185 | D:14     | Found a gate leading to a gauntlet.
 18194 | Gauntlet | Entered a Gauntlet
 18194 | Gauntlet | Found a transporter.
 18194 | Gauntlet | Found a transporter.
 18194 | Gauntlet | Found a transporter.
 18198 | Gauntlet | Found a transporter.
 18200 | Gauntlet | Found a large runed translucent door.
 18201 | Gauntlet | Found a large runed translucent door.
 18202 | Gauntlet | Found a large runed translucent door.
 18202 | Gauntlet | Found a large runed translucent door.
 18202 | Gauntlet | Found a runed translucent door.
 18203 | Gauntlet | Found a large runed translucent door.
 18205 | Gauntlet | Found a large runed translucent door.
 18205 | Gauntlet | Found a large runed translucent door.
 18205 | Gauntlet | Found a large runed translucent door.
 18206 | Gauntlet | Found a runed translucent gate.
 18208 | Gauntlet | Found a transporter.
 18212 | Gauntlet | Found a transporter.
 18226 | Gauntlet | Found a transporter.
 18229 | Gauntlet | Found a transporter.
 18248 | Gauntlet | Found a transporter.
 18250 | Gauntlet | Found a transporter.
 18259 | Gauntlet | Found a runed translucent gate.
 18259 | Gauntlet | Found a runed translucent gate.
 18261 | Gauntlet | Found a large runed translucent door.
 18261 | Gauntlet | Found a large runed translucent door.
 18262 | Gauntlet | Found a large runed translucent door.
 18266 | Gauntlet | Found a runed translucent door.
 18270 | Gauntlet | Found a transporter.
 18274 | Gauntlet | Found a transporter.
 18277 | Gauntlet | Found a large runed translucent door.
 18277 | Gauntlet | Found a large runed translucent door.
 18277 | Gauntlet | Found a large runed translucent door.
 18278 | Gauntlet | Found a large runed translucent door.
 18325 | Gauntlet | Found a large runed translucent door.
 18336 | Gauntlet | Cast into level 2 of the Abyss (a wizard)
 18336 | Abyss:2  | Found a large runed translucent door.
 18336 | Abyss:2  | Found a large runed translucent door.
 18336 | Abyss:2  | Found a large runed translucent door.
 18336 | Abyss:2  | Found a large runed translucent door.
 18336 | Abyss:2  | Found a large runed translucent door.
 18336 | Abyss:2  | Found a runed translucent door.
 18336 | Abyss:2  | Found a large runed translucent door.
 18336 | Abyss:2  | Found a large runed translucent door.
 18336 | Abyss:2  | Found a large runed translucent door.
 18336 | Abyss:2  | Found a large runed translucent door.
 18336 | Abyss:2  | Found a large runed translucent door.
 18364 | Abyss:2  | Received a gift from Trog
 18414 | Abyss:2  | Noticed a tentacled starspawn
 18504 | Abyss:2  | Noticed a tentacled starspawn
 18519 | Abyss:2  | Killed a tentacled starspawn
 18730 | Abyss:2  | Noticed a tentacled starspawn
 18735 | Abyss:2  | Killed a tentacled starspawn
 18737 | Abyss:2  | Gained mutation: You are somewhat resistant to further
                  | mutation. [a neqoxec]
 18763 | Gauntlet | Escaped the Abyss
 18940 | D:14     | Reached XP level 16. HP: 155/155 MP: 15/15
 19172 | D:14     | Found a glowing silver altar of Zin.
 19491 | D:15     | Entered Level 15 of the Dungeon
 19518 | D:15     | Found a staircase to the Depths.
 19625 | D:15     | Noticed Louise
 19656 | D:15     | Killed Louise
 19895 | D:15     | Received a gift from Trog
 20256 | Orc:1    | Entered Level 1 of the Orcish Mines
 20458 | Orc:2    | Entered Level 2 of the Orcish Mines
 20472 | Orc:2    | Noticed Azrael
 20488 | Orc:2    | Killed Azrael
 20630 | Orc:2    | Found a staircase to the Elven Halls.
 20662 | Orc:2    | Received a gift from Trog
 20869 | Orc:2    | Found Uppeeq's Antique Armour Emporium.
 21057 | Orc:2    | Found Pasohos's Weapon Emporium.
 21268 | Orc:2    | Noticed Saint Roka
 21279 | Orc:2    | Received a gift from Trog
 21396 | Orc:2    | Killed Saint Roka
 21471 | Orc:2    | Found Vyashun's Antique Weapon Shoppe.
 21473 | Orc:2    | Found Qoqaylon's Antique Armour Emporium.
 21486 | Orc:2    | Bought a runed scarf for 184 gold pieces
 21597 | Elf:1    | Entered Level 1 of the Elven Halls
 22009 | Elf:1    | Found a runed translucent gate.
 22009 | Elf:1    | Found a runed translucent gate.
 22012 | Elf:1    | Found a runed translucent gate.
 22012 | Elf:1    | Noticed Gerad's ghost (veteran VSAK)
 22012 | Elf:1    | Noticed Olleb's ghost (adept GnWn)
 22039 | Elf:1    | Killed Olleb's ghost
 22064 | Elf:1    | Killed Gerad's ghost
 22109 | Elf:1    | Received a gift from Trog
 22505 | Snake:1  | Entered Level 1 of the Snake Pit
 22540 | Snake:1  | Reached XP level 17. HP: 149/168 MP: 16/16
 22774 | Snake:1  | Found Felik's Assorted Antiques.
 22787 | Snake:1  | Found Zacw's Distillery.
 22795 | Snake:1  | Bought a potion of heal wounds for 95 gold pieces
 23136 | Snake:1  | Found the +8 lance "Wyrmbane" {slay drac, rPois rF+ rC+
                  | AC+3}
 23411 | Snake:1  | Received a gift from Trog
 24039 | Snake:2  | Noticed Nikola
 24164 | Snake:2  | Killed Nikola
 24763 | Snake:2  | Found a runed translucent door.
 25104 | Snake:3  | Acquired a manual of Dodging
 25227 | Snake:3  | Noticed Aizul
 25243 | Snake:3  | Killed Aizul
 25243 | Snake:3  | Received a gift from Trog
 25467 | Snake:4  | Entered Level 4 of the Snake Pit
 25544 | Snake:4  | Noticed Donald
 25565 | Snake:4  | Killed Donald
 25566 | Snake:4  | Reached XP level 18. HP: 161/182 MP: 17/17
 25769 | Snake:4  | Reached skill level 10 in Dodging
 26291 | Snake:4  | Received a gift from Trog
 26954 | Snake:4  | Got a serpentine rune of Zot
 27156 | Swamp:1  | Entered Level 1 of the Swamp
 27275 | Swamp:1  | Identified the ring "Tiwec" {rPois Will- Str+6 Dex+5}
 27313 | Swamp:1  | Noticed a tentacled monstrosity
 27323 | Swamp:1  | Killed a tentacled monstrosity
 27583 | Swamp:1  | Found a runed translucent gate.
 27583 | Swamp:1  | Found a runed translucent gate.
 27584 | Swamp:1  | Found a runed translucent gate.
 27585 | Swamp:1  | Noticed Zukhihyth's ghost (adept DDFi)
 27601 | Swamp:1  | Killed Zukhihyth's ghost
 27605 | Swamp:1  | Received a gift from Trog
 27984 | Swamp:2  | Acquired 674 gold pieces
 28581 | Swamp:3  | Reached XP level 19. HP: 181/193 MP: 18/18
 28959 | Swamp:4  | Entered Level 4 of the Swamp
 29017 | Swamp:4  | Noticed Kirke
 29026 | Swamp:4  | Killed Kirke
 29309 | Swamp:4  | Received a gift from Trog
 29547 | Swamp:4  | Paralysed by a fenstrider witch for 6 turns
 29556 | Swamp:4  | Paralysed by a fenstrider witch for 7 turns
 29914 | Swamp:4  | Got a decaying rune of Zot
 30683 | Vaults:1 | Entered Level 1 of the Vaults
 30811 | Vaults:1 | Received a gift from Trog
 31198 | Vaults:1 | Cast into level 3 of the Abyss (a wizard)
 31198 | Abyss:3  | Found a corrupted altar of Lugonu.
 31198 | Abyss:3  | Found a corrupted altar of Lugonu.
 31255 | Abyss:3  | Found a corrupted altar of Lugonu.
 31256 | Abyss:3  | Noticed a hellephant
 31271 | Abyss:3  | Noticed a hellephant
 31274 | Abyss:3  | Killed a hellephant
 31293 | Abyss:3  | Killed a hellephant
 31318 | Abyss:3  | Found a corrupted altar of Lugonu.
 31401 | Abyss:3  | Found a corrupted altar of Lugonu.
 31411 | Abyss:3  | Found a corrupted altar of Lugonu.
 31412 | Abyss:3  | Identified the +5 battleaxe "Spiderslayer" {flame, rF+
                  | rCorr Dex+4} (Trog gifted it to you on level 3 of the
                  | Abyss)
 31412 | Abyss:3  | Received a gift from Trog
 31413 | Abyss:3  | Reached skill level 15 in Dodging
 31439 | Abyss:3  | Reached XP level 20. HP: 128/210 MP: 19/19
 31448 | Abyss:3  | Found a corrupted altar of Lugonu.
 31455 | Abyss:3  | Got an abyssal rune of Zot
 31530 | Vaults:1 | Escaped the Abyss
 32149 | Vaults:1 | Received a gift from Trog
 32756 | Vaults:2 | Found the +8 trident of the Octopus King {venom, rElec
                  | rPois Will+}
 32825 | Vaults:2 | Identified the +2 halberd of Nosev {vorpal, rElec} (Trog
                  | gifted it to you on level 2 of the Vaults)
 32825 | Vaults:2 | Received a gift from Trog
 33278 | Vaults:2 | Received a gift from Trog
 33416 | Vaults:2 | Found a staircase to the Crypt.
 33697 | Vaults:2 | Found a runed translucent gate.
 33698 | Vaults:2 | Found a runed translucent gate.
 33698 | Vaults:2 | Found a runed translucent gate.
 33716 | Vaults:2 | Noticed Marixus's ghost (adept HOFi)
 33867 | Vaults:2 | Killed Marixus's ghost
 33868 | Vaults:2 | Reached skill level 27 in Fighting
 33870 | Vaults:2 | Reached XP level 21. HP: 224/224 MP: 20/20
 33886 | Vaults:2 | Identified the +1 cloak "Deupt" {rF++}
 34395 | Vaults:3 | Received a gift from Trog
 34617 | Vaults:3 | Found a gateway to a bazaar.
 34630 | Bazaar   | Entered a bazaar
 34631 | Bazaar   | Found Zyec's Distillery.
 34631 | Bazaar   | Found Neitel's Magic Scroll Shop.
 34632 | Bazaar   | Found Ogufey's Armour Emporium.
 34667 | Bazaar   | Found Tommir's Book Emporium.
 34686 | Bazaar   | Bought a scroll of identify for 16 gold pieces
 34686 | Bazaar   | Bought a scroll of identify for 16 gold pieces
 34686 | Bazaar   | Bought a scroll of enchant armour for 60 gold pieces
 34686 | Bazaar   | Bought a scroll of fear for 28 gold pieces
 34686 | Bazaar   | Bought a scroll of enchant weapon for 60 gold pieces
 34686 | Bazaar   | Bought 2 scrolls of teleportation for 48 gold pieces
 34686 | Bazaar   | Bought a scroll of identify for 16 gold pieces
 34686 | Bazaar   | Bought a scroll of identify for 16 gold pieces
 34700 | Bazaar   | Bought a potion of curing for 33 gold pieces
 34700 | Bazaar   | Bought a potion of curing for 33 gold pieces
 34700 | Bazaar   | Bought 2 potions of resistance for 220 gold pieces
 34700 | Bazaar   | Bought a potion of lignification for 33 gold pieces
 35384 | Vaults:4 | Received a gift from Trog
 35472 | Vaults:4 | Reached skill level 27 in Axes
 35696 | Vaults:4 | Found Ezxoch's Jewellery Boutique.
 35897 | Vaults:4 | Acquired a manual of Stealth
 36076 | Depths:1 | Entered Level 1 of the Depths
 36083 | Depths:1 | Found a gateway to Hell.
 36100 | Depths:1 | Reached skill level 1 in Stealth
 36142 | Depths:1 | Found a flickering gateway to a bazaar.
 36151 | Bazaar   | Entered a bazaar
 36151 | Bazaar   | Found Plog's Jewellery Shop.
 36151 | Bazaar   | Found Uxtus's Weapon Emporium.
 36151 | Bazaar   | Found Lulyekk's Book Shop.
 36151 | Bazaar   | Found Acis's Assorted Antiques.
 36153 | Bazaar   | Found Piongog's Antique Armour Shoppe.
 36189 | Bazaar   | Bought the ring "Runnegon" {rPois AC+4 Str+7} for 990 gold
                  | pieces
 36492 | Depths:1 | Reached XP level 22. HP: 233/233 MP: 21/21
 36791 | Depths:1 | Received a gift from Trog
 36913 | Depths:1 | Reached skill level 5 in Stealth
 37121 | Depths:1 | Acquired the +2 pair of gloves of the Purple Skies {Int+4}
 37453 | Depths:2 | Found a gateway to a ziggurat.
 37472 | Depths:2 | Found a shadowy altar of Dithmenos.
 37761 | Depths:2 | Noticed a golden dragon
 37773 | Depths:2 | Killed a golden dragon
 38526 | Depths:3 | Found a broken altar of Ashenzari.
 38755 | Depths:3 | Noticed Boris
 38774 | Depths:3 | Killed Boris
 38793 | Depths:3 | Acquired a +1 pair of gloves of strength
 38948 | Depths:3 | Found a one-way gate leading to the halls of Pandemonium.
 39078 | Depths:3 | Paralysed by something for 4 turns
 39082 | Depths:3 | Received a gift from Trog
 39092 | Depths:3 | Found the +5 robe of Night {Dark Will+ SInv}
 39093 | Depths:3 | Identified the +0 shadow dragon scales of the Lion {Dex+2
                  | Stlth++++}
 39097 | Depths:3 | Found a shadowy altar of Dithmenos.
 39448 | Depths:4 | Entered Level 4 of the Depths
 39448 | Depths:4 | Noticed a golden dragon
 39458 | Depths:4 | Killed a golden dragon
 39461 | Depths:4 | Reached XP level 23. HP: 206/240 MP: 22/22
 39629 | Depths:4 | Found Ragonam's Jewellery Shoppe.
 39634 | Depths:4 | Found Ovupac Jeup's Book Shop.
 39635 | Depths:4 | Found Zezameoz's Jewellery Shoppe.
 39644 | Depths:4 | Bought the ring "Secepaul" {rElec MP+9 SInv Stlth+} for 656
                  | gold pieces
 39749 | Depths:4 | Received a gift from Trog
 40202 | Depths:4 | Found a gate to the Realm of Zot.
 40219 | Zot:1    | Entered Level 1 of the Realm of Zot
 40252 | Zot:1    | Reached skill level 10 in Stealth
 40422 | Zot:1    | Noticed a curse toe
 40422 | Zot:1    | Noticed a Killer Klown
 40443 | Zot:1    | Noticed an orb of fire
 40623 | Zot:1    | Killed an orb of fire
 40625 | Zot:1    | Killed a curse toe
 40678 | Zot:1    | Killed a Killer Klown
 40839 | Zot:1    | Received a gift from Trog
 41254 | Zot:4    | Identified the +4 great sword of Urgency {freeze, Will+}
 41257 | Zot:4    | Reached skill level 27 in Armour
 41412 | Zot:5    | Entered Level 5 of the Realm of Zot
 41500 | Zot:5    | Found a runed translucent door.
 41500 | Zot:5    | Noticed SirDiesAlot's ghost (veteran MiDe)
 41560 | Zot:5    | Reached XP level 24. HP: 249/249 MP: 22/22
 41670 | Zot:5    | Received a gift from Trog
 41753 | Zot:5    | Noticed a dread lich
 41770 | Zot:5    | Killed a dread lich
 41774 | Zot:5    | Noticed an orb of fire
 41781 | Zot:5    | Gained mutation: You are frail. (-10% HP) [an orb of fire]
 41803 | Zot:5    | Killed an orb of fire
 41843 | Zot:5    | Noticed an orb of fire
 41854 | Zot:5    | Lost mutation: You are somewhat resistant to further
                  | mutation. [an orb of fire]
 41861 | Zot:5    | Gained mutation: Your magical capacity is low. (-10% MP)
                  | [an orb of fire]
 41862 | Zot:5    | Gained mutation: You expend magic power (3 MP) to
                  | strengthen your wands. [an orb of fire]
 41867 | Zot:5    | Killed an orb of fire
 41977 | Zot:5    | Noticed a Killer Klown
 42000 | Zot:5    | Noticed an orb of fire
 42019 | Zot:5    | Killed an orb of fire
 42111 | Zot:5    | Killed a Killer Klown
 42243 | Zot:5    | Noticed a dread lich
 42257 | Zot:5    | Killed a dread lich
 42280 | Zot:5    | Noticed a Killer Klown
 42341 | Zot:5    | Killed a Killer Klown
 42352 | Zot:5    | Noticed a Killer Klown
 42362 | Zot:5    | Killed a Killer Klown
 42396 | Zot:5    | Noticed a dread lich
 42420 | Zot:5    | Killed a dread lich
 42453 | Zot:5    | Noticed an orb of fire
 42461 | Zot:5    | Killed an orb of fire
 42462 | Zot:5    | Noticed an orb of fire
 42472 | Zot:5    | Gained mutation: You are dopey. (Int -2) [an orb of fire]
 42477 | Zot:5    | Killed an orb of fire
 42496 | Zot:5    | Noticed a Killer Klown
 42503 | Zot:5    | Noticed a Killer Klown
 42508 | Zot:5    | Killed a Killer Klown
 42513 | Zot:5    | Noticed an orb of fire
 42514 | Zot:5    | Gained mutation: Armour fits poorly on your strangely
                  | shaped body. [an orb of fire]
 42530 | Zot:5    | Killed an orb of fire
 42531 | Zot:5    | Noticed an ancient lich
 42531 | Zot:5    | Noticed a Killer Klown
 42537 | Zot:5    | Killed an ancient lich
 42537 | Zot:5    | Killed a Killer Klown
 42543 | Zot:5    | Killed a Killer Klown
 42563 | Zot:5    | Noticed a dread lich
 42570 | Zot:5    | Received a gift from Trog
 42610 | Zot:5    | Got the Orb of Zot
 42740 | Zot:1    | Noticed Comot the pandemonium lord
 42757 | Zot:1    | Noticed Wuiq the pandemonium lord
 42916 | D:14     | Noticed Wihutwur the pandemonium lord
 43067 | D:7      | Noticed Oremura the pandemonium lord
 43086 | D:6      | Killed Oremura the pandemonium lord
 43087 | D:6      | Reached XP level 25. HP: 170/231 MP: 19/19
 43174 | D:4      | Noticed Mixe Wit the pandemonium lord
 43321 | D:$      | Escaped with the Orb!

Illustrated notes

Levels and vault maps discovered:
D:1:      eino_arrival_cavern_e, layout_basic, serial_shops,
          nicolae_shop_behind_doors, dreamdust_ecumenical_altar_statues
D:2:      layout_rooms, basic_altar, uniq_natasha, uniq_sigmund
D:3:      layout_basic, elyvilon_altar_5, serial_shops, nicolae_square_shop,
          shop_fountains, shop
D:4:      layout_loops_cross, kennysheep_little_box,
          minmay_temple_entry_offerings, portal_sewer_entry_a
D:5:      layout_basic, gammafunk_temple_overflow_arena
D:6:      layout_loops_cross, enter_ossuary_3
D:7:      layout_layer_cave, serial_shops, nicolae_stop_n_shop_1
D:8:      layout_loops_corners, minmay_misc_feat_tiny
D:9:      layout_cave_pods, chequers_serial_rivers_small_3, uniq_erica
D:10:     layout_roguey, due_lair_maze_entry_diamond
D:11:     layout_loops_ring, portal_ice_cave_rime, disabler_island,
          uniq_erolcha, uniq_snorg, uniq_psyche, uniq_josephine
D:12:     layout_layer_cave, david_orc_5, serial_bayou_pond_e, uniq_nergalle
D:13:     layout_cave_pools, david_vaults_3, gammafunk_ghost_fury_of_okawaru
D:14:     layout_irregular_city, gauntlet_entry_generic, zin_angel,
          feat_on_display
D:15:     grunt_enter_depths_snipers, layout_irregular_city, minivault_25,
          uniq_louise
Lair:1:   layout_layer_cave, nzn_ghost_randoct, grunt_megastairs_3,
          lemuel_fruit_fields, uniq_harold, uniq_maggie
Lair:2:   layout_misc_corridors, dummy_snake_entry, minivault_26,
          chequers_serial_rivers_micro_e, serial_bayou_shore_a,
          lemuel_fruit_fields
Lair:3:   layout_big_grid, skrybe_swamp_entry_bodies, lemuel_fruit_fields
Lair:4:   layout_hall_layers, gammafunk_ghost_abyssal_escape,
          infiniplex_staircase_pool, lemuel_fruit_fields, uniq_urug
Lair:5:   layout_roguey, minmay_slime_entry_pillars
Lair:6:   hangedman_lair_caniforms_friends, layout_regular_city,
          hangedman_lair_tendril_chambers
Swamp:1:  layout_falls_marsh, gammafunk_ghost_necromancy,
          nicolae_swamp_bean_lake
Swamp:2:  layout_falls_marsh, evilmike_swamp_ruin_house_2
Swamp:3:  layout_basic_swamp, evilmike_swamp_ruin_rubble_1,
          nicolae_swamp_no_escape
Swamp:4:  nzn_swamp_witches_coven, layout_basic_swamp, uniq_kirke
Snake:1:  layout_onion, nicolae_snake_snakewalk, minmay_shop_star,
          serial_bayou_shore_b
Snake:2:  cheibrodos_toxic_ritual, layout_layer_cave, uniq_nikola
Snake:3:  layout_onion_interference, special_room, nicolae_snake_omega,
          lemuel_fruit_tree, uniq_aizul
Snake:4:  johnstein_snake_rune_scales, layout_layer_cave, uniq_donald
Orc:1:    layout_diamond_mine, basic_altar
Orc:2:    grunt_orc_community_town_hall, layout_caves,
          grunt_orc_community_big_house_2, grunt_orc_community_big_house_2,
          grunt_orc_community_house_2, grunt_orc_community_house_3,
          grunt_orc_community_house_3, grunt_orc_community_house_3,
          mines3_lemuel, uniq_azrael
Elf:1:    layout_loops_cross, gammafunk_ghost_cemetery, minivault_28
Vaults:1: v_misc_15, nicolae_vaults_rhombus_5, v_rooms_6,
          ontoclasm_vaults_hangar, v_alt_pattern_2, v_misc_11, v_misc_2,
          v_misc_28, vaults_room_grunt_arrival_ludios, v_misc_8,
          layout_vaults_omnigrid, serial_hangedman_research,
          hangedman_research_pyrotechnics, hangedman_research_quantum,
          hangedman_research_geology, hangedman_research_convocations
Vaults:2: gammafunk_ghost_tricky_traps, nicolae_vaults_ring_of_whatevers,
          vaults_mumra_hexcomb, v_misc_9, nicolae_vaults_network_star,
          minmay_crypt_entry_simple_round, v_misc_25, hangedman_vaults_corner,
          nicolae_vaults_circle_grid_b, ontoclasm_vaults_ring_square,
          nicolae_vaults_big_ls, v_alt_pattern_1, layout_vaults_omnibox
Vaults:3: nicolae_vaults_network_barrier, nicolae_vaults_circle_grid_a,
          nicolae_vaults_triangles, vaults_standard_mumra_enter_the_diamond,
          nicolae_vaults_asterisk, nicolae_vaults_ring_of_whatevers,
          ontoclasm_vaults_ligature, vaults_room_stairs_pillars,
          layout_vaults_big_room, serial_shops, statue_bzr
Vaults:4: ontoclasm_vaults_ring_large, vaults_room_mumra_shop_pool,
          hangedman_vaults_hat, vaults_room_large_hall, nicolae_vaults_alarming,
          hangedman_vaults_maws, vaults_dpeg_hooks,
          nicolae_vaults_yaktaur_gun_rack, nicolae_vaults_specimen_jars,
          v_misc_23, grunt_vaults_bifocal, vaults_mumra_minichess,
          hangedman_vaults_river_flow, layout_vaults_maze
Depths:1: evilmike_hourglass, layout_cave_shapes, serial_shops,
          bzr_entry_customers, grunt_hell_horde, serial_bayou_ford_a,
          minmay_the_grid_2x2 [minmay_the_grid_rooms, minmay_the_grid_slots,
          minmay_the_grid_outer_diamond, minmay_the_grid_prize_big_room]
Depths:2: little_maze_vault, layout_cave_shapes, enter_ziggurat_a,
          rand_demon_pan_entry_1, hell_entry, nicolae_dithmenos_shadow_blocks
Depths:3: regret_index_dithmenos_brocken_genspenst, layout_honeycomb,
          grunt_pan_entry_spiral, abyss_entry, pf_hell_entry_tar_spiral,
          ashenzari_conservatory_becter, uniq_margery, uniq_boris
Depths:4: evilmike_zot_entry_hall, layout_cave_pools,
          chequers_serial_rivers_micro_a, hell_entry, minmay_shop_grove
Zot:1:    grunt_zot_stairs_mandelzot, layout_misc_corridors,
          nicolae_lava_and_water
Zot:2:    kennysheep_bubbly, layout_gridlike
Zot:3:    kennysheep_ambush_hall, layout_concentric_octagons,
          hangedman_snake_sidewinding
Zot:4:    layout_onion_interference
Zot:5:    layout_gridlike, gammafunk_ghost_grave

Skill      XL: |  1  2  3  4  5  6  7  8  9 10 11 12 13 14 15 16 17 18 19 20 21 22 23 24 |
---------------+-------------------------------------------------------------------------+-----
Axes           | 4 5 7 8 9 11 13 15 16 18 20 21 22 23 25 26 27 | 27.0
Armour         | 3 6 8 9 11 13 14 15 16 17 18 19 20 22 24 25 27 | 27.0
Fighting       | 4 7 9 11 13 15 17 19 21 22 25 27 | 27.0
Dodging        | 4 6 8 9 14 15 16 17 19 21 25 | 25.6
Stealth        | 3 8 12 | 12.0

Action                   |  1- 3 |  4- 6 |  7- 9 | 10-12 | 13-15 | 16-18 | 19-21 | 22-24 | 25-27 || total
-------------------------+-------+-------+-------+-------+-------+-------+-------+-------+-------++-------
Melee: Hand axe          |    48 |    80 |    72 |     9 |       |       |       |       |       ||   209
       Headbutt          |    10 |    16 |    60 |   100 |   179 |   244 |   325 |   352 |     1 ||  1287
       Whip              |       |       |    87 |       |       |       |       |       |       ||    87
       War axe           |       |       |   164 |   375 |       |       |       |       |       ||   539
       Battleaxe         |       |       |       |    33 |    68 |       |     5 |       |       ||   106
       Executioner's axe |       |       |       |       |   744 |  1164 |  1218 |  1152 |     2 ||  4280
Invok: Berserk           |     1 |     3 |     5 |     4 |     7 |     2 |     1 |     5 |       ||    28
       Trog's Hand       |       |       |     1 |       |     6 |     3 |     6 |    13 |       ||    29
       Brothers in Arms  |       |       |       |     1 |     2 |     5 |     7 |     5 |       ||    20
Evoke: Wand              |       |       |       |       |       |       |     2 |     2 |     2 ||     6
  Use: Potion            |       |       |     1 |       |       |     1 |     4 |     6 |     2 ||    14
       Scroll            |       |       |    10 |       |    23 |     8 |     4 |    12 |       ||    57
 Stab: Distracted        |       |       |       |       |       |       |       |     3 |       ||     3
Armor: Scale mail        |    14 |       |       |       |       |       |       |       |       ||    14
       Chain mail        |     3 |    25 |    66 |       |       |       |       |       |       ||    94
       Plate armour      |       |       |   136 |   231 |   630 |   651 |   695 |   519 |       ||  2862
       Gold dragon scale |       |       |       |       |       |       |       |   283 |     2 ||   285
Dodge: Dodged            |    19 |    21 |   115 |   130 |   347 |   476 |   558 |   610 |     2 ||  2278
Block: Buckler           |       |       |    19 |    37 |       |       |       |       |       ||    56

Table legend: (Time is in decaauts)
 A = Elapsed time spent in this place.
 B = Non-inter-level travel time spent in this place.
 C = Inter-level travel time spent in this place.
 D = Time resting spent in this place.
 E = Time spent auto-exploring this place.
 F = Levels seen in this place.
 G = Mean time per level.
                   A        B        C        D        E       F      G
               +--------+--------+--------+--------+--------+-----+--------+
         Total |  42660 |  39770 |   2890 |   3475 |  23672 |  53 |  804.9 |
       Dungeon |  13138 |  11838 |   1300 |    678 |   8488 |  15 |  875.9 |
          Lair |   5779 |   5256 |    523 |    391 |   3708 |   6 |  963.2 |
         Swamp |   3465 |   3307 |    158 |    644 |   1467 |   4 |  866.2 |
     Snake Pit |   4445 |   4114 |    331 |    288 |   2558 |   4 | 1111.2 |
  Orcish Mines |   1319 |   1217 |    102 |    117 |    780 |   2 |  659.5 |
   Elven Halls |    739 |    689 |     50 |      8 |    502 |   1 |  739.0 |
        Vaults |   4749 |   4515 |    234 |    224 |   3158 |   4 | 1187.2 |
        Depths |   4208 |   4019 |    189 |    331 |   2362 |   4 | 1052.0 |
           Zot |   2229 |   2229 |      0 |    266 |    101 |   5 |  445.8 |
         Abyss |    711 |    711 |      0 |     77 |     11 |   2 |  355.5 |
        Bazaar |    125 |    125 |      0 |      0 |      0 |   2 |   62.5 |
         Sewer |    731 |    731 |      0 |    254 |    342 |   1 |  731.0 |
       Ossuary |    185 |    185 |      0 |      0 |     73 |   1 |  185.0 |
      Ice Cave |    567 |    567 |      0 |    137 |    121 |   1 |  567.0 |
      Gauntlet |    264 |    264 |      0 |     55 |      0 |   1 |  264.0 |
               +--------+--------+--------+--------+--------+-----+--------+

Top non-repeatable levels by time:
Vaults:1: 1633 daAuts
 Swamp:4: 1493 daAuts
  Lair:1: 1473 daAuts
 Snake:4: 1469 daAuts
  Lair:6: 1390 daAuts
     D:5: 1285 daAuts
 Snake:1: 1253 daAuts
Vaults:2: 1239 daAuts
Depths:1: 1225 daAuts
    D:12: 1189 daAuts
   Zot:5: 1165 daAuts
Depths:3: 1051 daAuts
   Orc:2: 1044 daAuts
     D:4: 1034 daAuts
 Snake:2: 1007 daAuts
